 Dungeon Crawl Stone Soup version 0.21-a0-372-gd0ff781 (webtiles) character file.

45406 nikopol the Severer (level 14, -2/126 HPs)
             Began as a Hill Orc Fighter on Oct 14, 2017.
             Was the Champion of Okawaru.
             Slain by a polar bear (10 damage)
             ... in an ice cave on Oct 16, 2017.
             The game lasted 01:16:01 (22635 turns).

nikopol the Severer (Hill Orc Fighter)             Turns: 22635, Time: 01:16:02

Health: -2/126     AC: 22    Str: 24    XL:     14   Next: 33%
Magic:  14/14      EV: 10    Int:  8    God:    Okawaru [******]
Gold:   1131       SH: 14    Dex: 10    Spells: 13/13 levels left

rFire    . . .     SeeInvis .   a - +0 war axe
rCold    + . .     Gourm    .   c - +1 shield
rNeg     . . .     Faith    .   R - +2 chain mail {rF+}
rPois    +         Spirit   .   E - +1 helmet
rElec    .         Reflect  .   v - +2 cloak
rCorr    .         Harm     .   F - +1 pair of gloves
MR       +....                  (no boots)
Stlth    ..........             (no amulet)
HPRegen  0.31/turn              T - ring of poison resistance
MPRegen  0.14/turn              n - ring of ice

@: hasted, very quick
A: no striking features
a: Heroism, Finesse, Renounce Religion


You were in an ice cave.
You worshipped Okawaru.
Okawaru was exalted by your worship.
You were not hungry.

You visited 2 branches of the dungeon, and saw 17 of its levels.
You also visited: Ice Cave.

You collected 1131 gold pieces.

Inventory:

Hand Weapons
 a - a +0 war axe (weapon)
 x - a +1 hand axe of chopping
 z - a +2 flail of holy wrath
Missiles
 H - 2 javelins of returning (quivered)
 M - 7 steel javelins
 W - 5 silver javelins
Armour
 c - a +1 shield (worn)
 v - a +2 cloak (worn)
 E - a +1 helmet (worn)
 F - a +1 pair of gloves (worn)
 R - a +2 chain mail of fire resistance (worn)
Jewellery
 n - a ring of ice (right hand)
 T - a ring of poison resistance (left hand)
 Z - an uncursed ring of positive energy
Wands
 d - a wand of lightning (8/15)
 q - a wand of paralysis (11/24)
 t - a wand of confusion (37/48)
 w - a wand of acid (3/15)
 y - a wand of scattershot (2/9)
 D - a wand of polymorph (19/24)
Scrolls
 e - 8 scrolls of teleportation
 g - 2 scrolls of fear
 i - 3 scrolls of enchant armour
 o - a scroll of recharging
 u - a scroll of blinking
 G - 5 scrolls of remove curse
 I - a scroll of magic mapping
 L - a scroll of enchant weapon {unknown}
 N - a scroll of noise {unknown}
 Q - a scroll of summoning {unknown}
 U - a scroll of identify
Potions
 h - 6 potions of flight
 j - 5 potions of brilliance
 k - 3 potions of ambrosia
 m - 2 potions of heal wounds
 r - a potion of resistance
 s - 8 potions of curing
 A - a potion of experience {unknown}
 K - 2 potions of invisibility
 P - a potion of lignification {unknown}
 S - a potion of mutation {unknown}
 V - a potion of might
 X - a potion of berserk rage
 Y - 2 potions of agility
Books
 b - a book of Cantrips

   Spells                             Type                      Level
   a - Confusing Touch                Hexes                        1
   b - Animate Skeleton               Necromancy                   1
   c - Summon Small Mammal            Summoning                    1
   d - Apportation                    Translocation                1
Comestibles
 f - 11 bread rations
 l - 9 meat rations
 p - 9 royal jellies
 B - 6 chunks of flesh
 C - 14 fruits


   Skills:
 + Level 12.1 Fighting
 + Level 16.6(16.8) Axes
 + Level 3.2(10.1) Maces & Flails
 + Level 7.4 Throwing
 + Level 11.6 Armour
 + Level 4.5 Dodging
 + Level 2.1 Stealth
 + Level 12.0 Shields
 + Level 0.1 Invocations
 + Level 0.2 Evocations


You had 13 spell levels left.
You didn't know any spells.

Dungeon Overview and Level Annotations

Branches:
Dungeon (11/15)            Temple (0/1) D:7            Lair (6/6) D:10
  Swamp (0/4) Lair:3       Spider (0/4) Lair:4        Slime (0/5) Lair:6
    Orc (0/2) D:9

Altars:
Elyvilon
Nemelex Xobeh
Okawaru
Qazlal
Ru
Sif Muna
Wu Jian
Xom
Zin
The Shining One

Shops:
D:4 [   D:9 }

Annotations:
D:6 2 transporters
Lair:5 exclusion: 2 oklob plants


Message History

The polar bear is heavily wounded.
The polar bear bites you.
* * * LOW HITPOINT WARNING * * *
You block the polar bear's attack. x2
You slash the polar bear!
The polar bear is heavily wounded.
You hit the polar bear.
The polar bear is severely wounded.
The polar bear goes berserk!
You slash the polar bear!
The polar bear is almost dead.
You hit the polar bear but do no damage.
The polar bear is almost dead.
The polar bear bites you.
* * * LOW HITPOINT WARNING * * *
You block the polar bear's attack. x2
You hit the polar bear but do no damage.
The polar bear is almost dead.
The polar bear bites you!
You die...

## #.## ##########
#######
#[########h)h##.Ch#
≈≈≈≈≈≈≈##
##$#h.#...##.†h##..h
#≈≈≈#######@.#.h########
hh ###≈≈≈#≈≈.#####..# .
##≈≈≈≈#≈..##..##
####≈≈#≈≈≈##...###
##.≈≈####≈≈≈##### #..###
≈≈≈≈#≈≈#
##..###≈≈≈≈≈≈≈≈≈ ##
##..####≈≈≈≈≈≈≈ .##
#..### ##≈≈#≈#≈


You could see a polar bear (berserk).

Vanquished Creatures
  Gastronok (Lair:3)
  A frost giant (IceCv)
  A catoblepas (Lair:4)
  Fannar (D:9)
  Harold (Lair:2)
  6 hydras
  A two-headed ogre (D:11)
  3 death yaks
  Urug (D:10)
  Nergalle (Lair:2)
  Pikel (D:5)
  A necromancer (Lair:5)
  5 elephants
  2 torpor snails
  2 black mambas
  7 spiny frogs
  2 rime drakes
  4 komodo dragons
  A hornet (D:11)
  A troll (D:10)
  A tyrant leech (Lair:3)
  11 polar bears (IceCv)
  6 hippogriffs
  5 blink frogs (Lair:3)
  2 redbacks (Lair:4)
  A spriggan (D:11)
  2 wyverns
  50 yaks
  The ghost of Xiguana the Charmwright, an amateur GnSk (D:4)
  7 basilisks
  A warg (D:9)
  9 water moccasins
  11 porcupines
  3 slaves
  2 sky beasts
  A black bear (D:7)
  5 orc warriors
  A phantom (D:4)
  5 ogres
  11 ice beasts
  4 centaurs
  12 crocodiles
  23 wolves
  2 big kobolds
  16 bullfrogs
  A scorpion (D:7)
  11 killer bees
  3 wights (D:9)
  2 howler monkeys
  An electric eel (D:10)
  A centaur zombie (D:3)
  4 crimson imps
  12 hounds
  9 orc priests
  3 jellies
  14 orc wizards
  Terence (D:2)
  2 bullfrog skeletons
  Natasha (twice) (D:2)
  An iguana (D:4)
  12 worker ants
  2 yak simulacra (Lair:5)
  4 wolf simulacra (Lair:5)
  2 polar bear simulacra (Lair:5)
  3 hound skeletons
  A howler monkey zombie (D:9)
  3 worker ant zombies
  Robin (D:3)
  4 gnolls
  18 adders
  3 shadow imps
  A white imp (D:4)
  An ooze (D:1)
  A worm (D:2)
  5 dart slugs
  5 leopard geckos
  53 orcs
  2 ball pythons
  5 giant cockroaches
  21 goblins
  15 hobgoblins
  9 jackals
  10 kobolds
  7 quokkas
  10 bats
  5 frilled lizards
  A goblin skeleton (D:4)
  2 hobgoblin zombies (D:4)
  2 kobold skeletons (D:4)
  2 kobold zombies (D:4)
  A leopard gecko zombie (D:8)
  2 orc skeletons (D:4)
  11 rats
  3 river rat simulacra (Lair:5)
  A butterfly (Lair:2)
  2 plants
532 creatures vanquished.

Vanquished Creatures (others)
  A rime drake (IceCv)
  2 polar bears (IceCv)
  A yak (IceCv)
  2 wolves (IceCv)
  A bush (Lair:2)
  5 fungi
  4 plants
16 creatures vanquished.

Grand Total: 548 creatures vanquished

Notes
Turn   | Place    | Note
-------+----------+-------------------------------------------
     0 | D:1      | nikopol the Hill Orc Fighter began the quest for the Orb.
     0 | D:1      | Reached XP level 1. HP: 19/19 MP: 1/1
    77 | D:1      | Reached XP level 2. HP: 20/26 MP: 2/2
    94 | D:1      | Reached skill level 3 in Axes
   245 | D:1      | Reached XP level 3. HP: 28/33 MP: 3/3
  1012 | D:2      | Reached XP level 4. HP: 35/40 MP: 4/4
  1090 | D:2      | Noticed Terence
  1101 | D:2      | Killed Terence
  1138 | D:2      | Reached skill level 1 in Dodging
  1176 | D:2      | Reached skill level 4 in Axes
  1182 | D:2      | Found a glowing silver altar of Zin.
  1182 | D:2      | Found a sparkling altar of Nemelex Xobeh.
  1183 | D:2      | Found a sacrificial altar of Ru.
  1291 | D:2      | Reached XP level 5. HP: 42/46 MP: 5/5
  1343 | D:2      | Noticed Natasha
  1351 | D:2      | Killed Natasha
  1382 | D:2      | Found a white marble altar of Elyvilon.
  1971 | D:2      | Noticed Natasha
  1981 | D:2      | Killed Natasha
  1981 | D:2      | Reached skill level 5 in Axes
  2449 | D:2      | Reached XP level 6. HP: 31/52 MP: 6/6
  2624 | D:2      | Upgraded the game from 0.21-a0-364-gbd1fde4 to 0.21-a0-372-gd0ff781
  2739 | D:3      | Noticed Robin
  2763 | D:3      | Killed Robin
  2860 | D:3      | Reached skill level 6 in Axes
  3007 | D:4      | Found a shimmering altar of Xom.
  3078 | D:4      | Reached skill level 5 in Armour
  3114 | D:4      | Noticed a phantom
  3123 | D:4      | Killed a phantom
  3123 | D:4      | Reached XP level 7. HP: 60/60 MP: 7/7
  3143 | D:4      | Noticed Xiguana's ghost (amateur GnSk)
  3259 | D:4      | Killed Xiguana's ghost
  3259 | D:4      | Reached skill level 7 in Axes
  3659 | D:4      | Found a glowing golden altar of the Shining One.
  3699 | D:4      | Found Voqa's Antique Armour Shoppe.
  3870 | D:4      | Reached skill level 5 in Fighting
  4052 | D:3      | Reached XP level 8. HP: 67/68 MP: 8/8
  4082 | D:4      | Reached skill level 8 in Axes
  4497 | D:4      | Reached skill level 5 in Shields
  4506 | D:5      | Entered Level 5 of the Dungeon
  4901 | D:5      | Found a deep blue altar of Sif Muna.
  5555 | D:5      | Noticed Pikel
  5573 | D:5      | Killed Pikel
  5573 | D:5      | Reached skill level 9 in Axes
  5573 | D:5      | Reached XP level 9. HP: 77/78 MP: 9/9
  5951 | D:6      | Found a transporter.
  5965 | D:6      | Reached skill level 10 in Axes
  6124 | D:6      | Found a transporter.
  6159 | D:6      | Found an iron altar of Okawaru.
  6169 | D:6      | Became a worshipper of Warmaster Okawaru
  6980 | D:7      | Reached * piety under Okawaru
  7357 | D:7      | Reached XP level 10. HP: 81/88 MP: 10/10
  7378 | D:7      | Reached ** piety under Okawaru
  7378 | D:7      | Reached skill level 1 in Throwing
  7393 | D:7      | Reached skill level 11 in Axes
  7651 | D:7      | Found a staircase to the Ecumenical Temple.
  8177 | D:8      | Reached skill level 1 in Maces & Flails
  8492 | D:8      | Found a white marble altar of Elyvilon.
  9313 | D:9      | Reached *** piety under Okawaru
  9338 | D:9      | Found Muhuaf's Gadget Shoppe.
  9358 | D:9      | Found a staircase to the Orcish Mines.
  9414 | D:9      | Reached skill level 12 in Axes
  9823 | D:9      | Reached **** piety under Okawaru
 10094 | D:9      | Found a stormy altar of Qazlal.
 10245 | D:10     | Entered Level 10 of the Dungeon
 10245 | D:10     | Noticed Fannar
 10273 | D:9      | Killed Fannar
 10273 | D:9      | Reached skill level 13 in Axes
 10273 | D:9      | Reached XP level 11. HP: 49/97 MP: 11/11
 10680 | D:10     | Noticed Urug
 10825 | D:10     | Killed Urug
 10825 | D:10     | Reached ***** piety under Okawaru
 11120 | D:10     | Found a staircase to the Lair.
 11165 | D:10     | Reached skill level 1 in Stealth
 11757 | D:10     | Reached skill level 14 in Axes
 12001 | D:11     | Found a shimmering altar of Xom.
 12002 | D:11     | Found a shimmering altar of Xom.
 12002 | D:11     | Found a shimmering altar of Xom.
 12003 | D:11     | Found a shimmering altar of Xom.
 12004 | D:11     | Found a shimmering altar of Xom.
 12004 | D:11     | Found a shimmering altar of Xom.
 12067 | D:11     | Noticed a two-headed ogre
 12639 | D:11     | Killed a two-headed ogre
 12639 | D:11     | Received a gift from Okawaru
 12647 | D:11     | Paralysed by a hornet for 1 turns
 12675 | D:11     | Noticed a manticore
 13070 | Lair:1   | Entered Level 1 of the Lair of Beasts
 13362 | Lair:1   | Noticed a seven-headed hydra
 13388 | Lair:1   | Killed a seven-headed hydra
 13685 | Lair:1   | Found an ornate altar of the Wu Jian Council.
 13896 | Lair:1   | Reached XP level 12. HP: 91/106 MP: 12/12
 14076 | Lair:1   | Identified the Catalogue of the Lumpy Nights
 14795 | Lair:2   | Noticed Harold
 15067 | Lair:2   | Killed Harold
 15067 | Lair:2   | Reached skill level 10 in Fighting
 15363 | Lair:2   | Reached skill level 15 in Axes
 15743 | Lair:2   | Reached skill level 10 in Shields
 15768 | Lair:2   | Noticed Nergalle
 15792 | Lair:2   | Killed Nergalle
 16827 | Lair:3   | Reached skill level 10 in Armour
 17056 | Lair:3   | Noticed a five-headed hydra
 17219 | Lair:3   | Killed a five-headed hydra
 17219 | Lair:3   | Received a gift from Okawaru
 17284 | Lair:3   | Reached XP level 13. HP: 112/114 MP: 13/13
 17293 | Lair:3   | Reached ****** piety under Okawaru
 17305 | Lair:3   | Noticed Gastronok
 17319 | Lair:3   | Killed Gastronok
 17319 | Lair:3   | Received a gift from Okawaru
 17319 | Lair:3   | Reached skill level 5 in Throwing
 17607 | Lair:3   | Received a gift from Okawaru
 17607 | Lair:3   | Reached skill level 16 in Axes
 18110 | Lair:3   | Found a staircase to the Swamp.
 18758 | Lair:4   | Received a gift from Okawaru
 18983 | Lair:4   | Found a hole to the Spider Nest.
 19023 | Lair:4   | Received a gift from Okawaru
 21066 | Lair:5   | Received a gift from Okawaru
 21604 | Lair:6   | Entered Level 6 of the Lair of Beasts
 21666 | Lair:6   | Reached XP level 14. HP: 124/124 MP: 14/14
 21684 | Lair:6   | Found a frozen archway.
 21706 | IceCv    | Entered an ice cave
 22528 | IceCv    | Noticed a frost giant
 22558 | IceCv    | Killed a frost giant
 22558 | IceCv    | Received a gift from Okawaru
 22615 | IceCv    | Received a gift from Okawaru
 22635 | IceCv    | Slain by a polar bear

Vault maps used:
D:1:      dpeg_arrival_rooms_c, minmay_octomino_e4
D:2:      nicolae_overflow_quartered_altars, first_bread,
          hangedman_decor_points, uniq_natasha, uniq_terence
D:3:      uniq_robin
D:4:      cheibrodos_barr_body, nicolae_tso_besieged_by_evil,
          overflow_temple_1_default, serial_shops,
          nicolae_shop_overgrown_old_shop, serial_park_tiny_1, minmay_quantized
D:5:      old_standard_altar, uniq_pikel
D:6:      gammafunk_steamed_eel, okawaru_trees_2
D:7:      temple_doors_cd
D:8:      elyvilon_altar_1
D:9:      lemuel_coloured_pillars_altar, minmay_orc_entry_guard_dogs,
          serial_shops, shop
D:10:     erik_lair_island, uniq_fannar, uniq_urug
D:11:     the_bakery, xom_redecorated
Lair:1:   serial_forest, infiniplex_forest_end_2,
          infiniplex_forest_clump_curved, infiniplex_forest_clump_medium,
          infiniplex_forest_clump_curved, infiniplex_forest_lined_corner,
          infiniplex_forest_corner_2, basic_altar
Lair:2:   serial_bayou_shore_b, infiniplex_staircase_pool, lemuel_fruit_fields,
          uniq_nergalle, uniq_harold
Lair:3:   minmay_swamp_entry_worms, minivault_11, kennysheep_basilisk_garden,
          uniq_gastronok
Lair:4:   spider_nest_entry_webs
Lair:5:   eino_house_with_fridge, grunt_megastairs_2, minmay_lair_oklob_chamber,
          serial_bayou_shore_a, serial_bayou_shore_b
Lair:6:   minmay_lair_end_enchanted_forest, minmay_slime_entry_pillars,
          portal_ice_cave_entry_ice_beasts
IceCv:    ice_cave_caverns_03

Skill      XL: |  1  2  3  4  5  6  7  8  9 10 11 12 13 14 |
---------------+-------------------------------------------+-----
Axes           | 3 4 5 6 7 9 10 13 14 15 16 | 16.6
Armour         | 4 5 6 7 8 10 11 | 11.6
Dodging        | 1 2 3 4 |  4.5
Fighting       | 4 5 6 7 9 10 11 12 | 12.1
Shields        | 4 6 7 8 9 10 11 12 | 12.0
Throwing       | 1 2 4 7 |  7.4
Maces & Flails | 1 3 |  3.2
Stealth        | 1 2 |  2.1
Invocations    | |  0.1
Evocations     | |  0.2

Action                   |  1- 3 |  4- 6 |  7- 9 | 10-12 | 13-15 || total
-------------------------+-------+-------+-------+-------+-------++-------
Melee: War axe           |   120 |   179 |   498 |   881 |   607 ||  2285
       Flail             |       |       |       |    89 |    10 ||    99
       Hand axe          |       |       |       |       |    28 ||    28
Throw: Tomahawk          |       |       |    13 |    72 |    17 ||   102
       Javelin           |       |       |       |    89 |   124 ||   213
Invok: Heroism           |       |       |       |       |     1 ||     1
Evoke: Wand              |       |       |       |     2 |       ||     2
  Use: Scroll            |       |       |     8 |    11 |     3 ||    22
       Potion            |       |       |     1 |     2 |     3 ||     6
 Stab: Confused          |       |       |       |     1 |       ||     1
       Distracted        |       |       |       |       |     1 ||     1
  Eat: Chunk             |     1 |     7 |    14 |    29 |    17 ||    68
       Bread ration      |       |       |       |     1 |       ||     1
Armor: Scale mail        |    56 |    80 |   142 |       |       ||   278
       Chain mail        |       |       |    55 |   367 |   279 ||   701
Dodge: Dodged            |    46 |    58 |   160 |   215 |   144 ||   623
Block: Shield            |    57 |   113 |   302 |   498 |   339 ||  1309

Table legend:
 A = Spawn XP
 B = Non-spawn XP
 C = Spawn XP percentage of total XP
 D = Spawn monster count
 E = Non-spawn monster count
 F = Spawn count percentage of total count
 G = Total turns spent on level
                    A         B        C        D         E        F      G
               +---------+---------+-------+---------+---------+-------+---------
         Total |       0 |   64867 |   0.0 |       0 |     527 |   0.0 | 22635
               +---------+---------+-------+---------+---------+-------+---------
           D:1 |       0 |      61 |   0.0 |       0 |      31 |   0.0 |   655
           D:2 |       0 |     265 |   0.0 |       0 |      39 |   0.0 |  1957
           D:3 |       0 |     201 |   0.0 |       0 |      32 |   0.0 |   632
           D:4 |       0 |     982 |   0.0 |       0 |      46 |   0.0 |  1434
           D:5 |       0 |    1382 |   0.0 |       0 |      21 |   0.0 |  1172
           D:6 |       0 |     668 |   0.0 |       0 |      15 |   0.0 |   833
           D:7 |       0 |    1979 |   0.0 |       0 |      54 |   0.0 |  1456
           D:8 |       0 |    1489 |   0.0 |       0 |      28 |   0.0 |  1242
           D:9 |       0 |    3552 |   0.0 |       0 |      35 |   0.0 |  1287
          D:10 |       0 |    2916 |   0.0 |       0 |      23 |   0.0 |  1563
          D:11 |       0 |    2238 |   0.0 |       0 |      15 |   0.0 |   839
        Lair:1 |       0 |    4769 |   0.0 |       0 |      17 |   0.0 |  2270
        Lair:2 |       0 |    7427 |   0.0 |       0 |      27 |   0.0 |  1310
        Lair:3 |       0 |    8972 |   0.0 |       0 |      29 |   0.0 |  1639
        Lair:4 |       0 |    7334 |   0.0 |       0 |      29 |   0.0 |  1353
        Lair:5 |       0 |    9284 |   0.0 |       0 |      34 |   0.0 |  1962
        Lair:6 |       0 |    1634 |   0.0 |       0 |      11 |   0.0 |   102
         IceCv |       0 |    9714 |   0.0 |       0 |      41 |   0.0 |   929
               +---------+---------+-------+---------+---------+-------+---------
